 Dungeon Crawl Stone Soup version 0.31.0-9-g3a7656b989 (webtiles) character file.

Game seed: 4472261974851226923

2536 qw the Nimble (level 9, -7/44 HPs)
             Began as a Spriggan Hunter on Feb 2, 2024.
             Was a Believer of Okawaru.
             Mangled by an orc
             ... wielding a +0 mace
              (9 damage)
             ... on level 7 of the Dungeon.
             The game lasted 00:00:35 (5276 turns).

qw the Nimble (Spriggan Hunter)                     Turns: 5276, Time: 00:00:36

Health: -7/44      AC: 10    Str:  7    XL:     9   Next: 30%
Magic:  13/13      EV:  4    Int: 10    God:    Okawaru [**....]
Gold:   183        SH:  0    Dex: 23    Spells: 8/8 levels left

rFire   . . .        a - +1 shortbow (freeze)
rCold   + . .        (shield currently unavailable)
rNeg    . . .        h - +1 steam dragon scales
rPois   .            (helmet restricted)
rElec   .            (no cloak)
rCorr   .            (gloves unavailable)
SInv    +            (boots unavailable)
Will    +....        (no amulet)
Stlth   ++           g - +4 ring of protection
HPRegen 0.27/turn    i - ring of protection from cold
MPRegen 0.13/turn

%: no passive effects
@: sleeping, very quick
A: very small, no large weapons, unfitting armour, see invisible, speed 3
a: Renounce Religion, Heroism


You were on level 7 of the Dungeon.
You worshipped Okawaru.
Okawaru was pleased with you.
You visited 2 branches of the dungeon, and saw 8 of its levels.
You also visited: Sewer.

You collected 183 gold pieces.


Innate Abilities, Weirdness & Mutations

You are very small and have problems with some larger weapons.
You are too small for most types of armour.
You have supernaturally acute eyesight. (SInv)
You cover ground extremely quickly. (Speed+++)


   Skills:
 - Level 3.0 Fighting
 + Level 9.6 Ranged Weapons
 - Level 10.0 Dodging
 - Level 1.5 Stealth
 - Level 4.1 Invocations


You had 8 spell levels left.
You didn't know any spells.
Your spell library was empty.

Inventory:

Hand Weapons
 a - a +1 shortbow of freezing (weapon)
Armour
 h - +1 steam dragon scales (worn)
Jewellery
 g - a +4 ring of protection (left hand)
 i - a ring of protection from cold (right hand)
 k - a ring of willpower
Wands
 j - a wand of flame (7)
 m - a wand of polymorph (9)
 v - a wand of mindburst (7)
Scrolls
 s - a scroll of noise {unknown}
 t - a scroll of silence {unknown}
Potions
 c - 4 potions of curing
 d - a potion of cancellation
 e - 2 potions of mutation
 f - a potion of magic
 l - a potion of ambrosia {unknown}
 n - 2 potions of haste
 o - a potion of enlightenment {unknown}
 p - a potion of resistance {unknown}
 q - a potion of berserk rage {unknown}
 r - a potion of degeneration {unknown}

Dungeon Overview and Level Annotations

Branches:
Dungeon (7/15)             Temple (1/1) D:4           Sewer (visited)

Altars:
Cheibriados
Dithmenos
Elyvilon
Fedhas
Gozag
Kikubaaqudgha
Nemelex Xobeh
Okawaru
Qazlal
Ru
Sif Muna
Trog
Uskayaw
Vehumet
Wu Jian
Xom
Yredelemnul
Zin


Message History

The kobold brigand is lightly wounded.
The kobold brigand throws a curare-tipped dart.
The curare-tipped dart completely misses you.
You shoot an arrow.
The arrow closely misses the kobold brigand.
The arrow hits the kobold.
The arrow freezes the kobold.
You kill the kobold!
Okawaru accepts your kill.
You shoot an arrow. The arrow hits the kobold brigand.
The arrow freezes the kobold brigand.
The kobold brigand is moderately wounded.
An orc comes into view. It is wielding a +0 hand axe.
You shoot an arrow. The arrow hits the kobold brigand!
The arrow freezes the kobold brigand.
The kobold brigand is severely wounded.
The kobold brigand closely misses you. The kobold hits you with a +0 dagger.
The sleepcap closely misses you.
You shoot an arrow. The arrow misses the kobold brigand.
The kobold brigand hits you but does no damage.
The kobold completely misses you. x2
The sleepcap releases spores at you but does no damage.
You shoot an arrow. The arrow hits the kobold brigand!
The arrow freezes the kobold brigand.
You kill the kobold brigand!
Okawaru accepts your kill.
The kobold completely misses you. x2; The sleepcap completely misses you.
You shoot an arrow. The arrow hits the orc priest.
The arrow freezes the orc priest.
The orc priest is moderately wounded.
The kobold completely misses you. The orc priest completely misses you.
The kobold completely misses you. The sleepcap completely misses you.
You shoot an arrow. The arrow hits the orc priest.
The arrow freezes the orc priest.
The orc priest is severely wounded.
The orc barely misses you. The orc priest misses you.
The kobold hits you but does no damage. The sleepcap releases spores at you.
You are engulfed in a cloud of soporific spores!
You fall asleep.
The kobold hits you but does no damage. The orc hits you with a +0 mace!
You die...

####### #
##....K##....
#..$.@o..)...
#....ofKo....<
#.............
#.............
#!............
#.............
#.............
#
##............
###.#


You could see a sleepcap, an orc priest, 2 orcs and 2 kobolds.

Vanquished Creatures
  Pikel (D:4)
  Grinder (D:4)
  2 vampire mosquitoes (D:7)
  An ogre (D:5)
  2 lemures (D:4)
  3 kobold brigands
  A phantom (D:4)
  2 brain worms (Sewer)
  A gnoll sergeant (D:7)
  4 scorpions
  3 wights (D:7)
  A bombardier beetle (D:4)
  2 orc priests (D:7)
  2 hounds
  A gnoll bouda (D:7)
  Ijyb (D:4)
  2 iguanas
  11 gnolls
  16 adders
  4 river rats (Sewer)
  A white imp (D:6)
  4 dart slugs
  3 ribbon worms
  14 orcs
  13 ball pythons
  7 endoplasms
  6 goblins
  9 hobgoblins
  14 jackals
  3 quokkas
  3 bats
  5 frilled lizards
  8 kobolds
  6 rats
157 creatures vanquished.

Notes
Turn   | Place    | Note
-------+----------+-------------------------------------------
     0 | D:1      | qw the Spriggan Hunter began the quest for the Orb.
     0 | D:1      | Reached XP level 1. HP: 10/10 MP: 2/2
     0 | D:1      | 0 ||| qw: Version: 0.3-a-155-g5e7d8dd
     0 | D:1      | 0 ||| qw: Game counter: 1948
     0 | D:1      | 0 ||| qw: Melee chars always use a shield: true
     0 | D:1      | 0 ||| qw: God list: Okawaru
     0 | D:1      | 0 ||| qw: Allow faded altars: false
     0 | D:1      | 0 ||| qw: Do Orc after clearing Dungeon:15 true
     0 | D:1      | 0 ||| qw: Do second Lair branch before Depths: true
     0 | D:1      | 0 ||| qw: Lair rune preference: random
     0 | D:1      | 0 ||| qw: Goals: Normal
     0 | D:1      | 0 ||| PLANNING D:1-11
    30 | D:1      | Reached skill level 3 in Dodging
   243 | D:1      | Reached XP level 2. HP: 14/14 MP: 3/3
   252 | D:1      | Reached skill level 4 in Dodging
   383 | D:1      | Reached XP level 3. HP: 18/18 MP: 4/4
   951 | D:1      | 951 ||| UPGRADING to +0 steam dragon scales.
   961 | D:1      | 961 ||| DROPPING +0 robe.
   962 | D:1      | 962 ||| DROPPING ring of wizardry.
   963 | D:1      | 963 ||| READING 4 scrolls labelled YHOKKU PAAR.
   963 | D:1      | 963 ||| IDENTIFYING fuming coppery potion
   964 | D:1      | 964 ||| READING 3 scrolls of identify.
   964 | D:1      | 964 ||| IDENTIFYING emerald potion
   965 | D:1      | 965 ||| READING 2 scrolls of identify.
   965 | D:1      | 965 ||| IDENTIFYING scroll labelled JAQOMU WIXA
   966 | D:1      | 966 ||| DROPPING scroll of butterflies.
   967 | D:1      | 967 ||| DROPPING scroll of immolation.
   968 | D:1      | 968 ||| DROPPING potion of brilliance.
   969 | D:1      | 969 ||| DROPPING potion of invisibility.
  1012 | D:2      | 1012 ||| STAIRDANCE
  1034 | D:2      | Found a faded altar of an unknown god.
  1039 | D:2      | Noticed a scorpion
  1050 | D:2      | Killed a scorpion
  1051 | D:2      | Reached skill level 5 in Dodging
  1051 | D:2      | Reached XP level 4. HP: 19/22 MP: 5/5
  1267 | D:2      | Reached XP level 5. HP: 26/26 MP: 6/6
  1385 | D:2      | 1385 ||| UPGRADING to +4 ring of protection.
  1386 | D:2      | 1386 ||| READING scroll of identify.
  1386 | D:2      | 1386 ||| IDENTIFYING fizzy clear potion
  1387 | D:2      | 1387 ||| READING scroll labelled GEATOO CECETH.
  1391 | D:2      | 1391 ||| READING scroll labelled YNUANI XITUY.
  1391 | D:2      | 1391 ||| ENCHANTING +0 shortbow.
  1392 | D:2      | 1392 ||| DRINKING 4 cyan potions.
  1763 | D:3      | Found a shimmering blue altar of Sif Muna.
  1855 | D:3      | 1855 ||| UPGRADING to ring of protection from cold.
  1856 | D:3      | 1856 ||| READING scroll labelled ZUICEBOGRU.
  1858 | D:3      | 1858 ||| Stepping ~*~*~tactically~*~*~ (cloud).
  2057 | D:4      | Noticed a lemure
  2058 | D:4      | Noticed Pikel
  2058 | D:4      | Noticed a lemure
  2059 | D:4      | 2059 ||| RETREEEEATING.
  2060 | D:4      | 2060 ||| RETREEEEATING.
  2082 | D:4      | Killed a lemure
  2083 | D:4      | Killed a lemure
  2088 | D:4      | Noticed a lemure
  2093 | D:4      | Noticed a lemure
  2097 | D:4      | Killed Pikel
  2098 | D:4      | Reached XP level 6. HP: 30/30 MP: 7/7
  2098 | D:4      | Reached XP level 7. HP: 35/35 MP: 8/8
  2336 | D:4      | Found a staircase to the Ecumenical Temple.
  2337 | D:4      | 2337 ||| PLANNING TEMPLE
  2337 | D:4      | 2337 ||| READING scroll labelled XEWKUS GIOTHUM.
  2337 | D:4      | 2337 ||| BRANDING +1 shortbow.
  2338 | D:4      | 2338 ||| READING scroll labelled APLI OJEREOTHE.
  2344 | Temple   | Found a transporter.
  2344 | Temple   | Found a transporter.
  2344 | Temple   | Found a transporter.
  2344 | Temple   | Found a transporter.
  2344 | Temple   | Entered the Ecumenical Temple
  2345 | Temple   | 2345 ||| PLANNING OKAWARU WORSHIP
  2362 | Temple   | Became a worshipper of Warmaster Okawaru
  2363 | Temple   | 2363 ||| PLANNING D:1-11
  2406 | D:4      | Noticed Ijyb
  2414 | D:4      | Killed Ijyb
  2415 | D:4      | Reached skill level 6 in Dodging
  2417 | D:4      | 2417 ||| FLEEEEING.
  2418 | D:4      | 2418 ||| FLEEEEING.
  2421 | D:4      | 2421 ||| FLEEEEING.
  2422 | D:4      | 2422 ||| FLEEEEING.
  2423 | D:4      | 2423 ||| FLEEEEING.
  2424 | D:4      | 2424 ||| FLEEEEING.
  2425 | D:4      | 2425 ||| FLEEEEING.
  2426 | D:4      | 2426 ||| FLEEEEING.
  2427 | D:4      | 2427 ||| FLEEEEING.
  2430 | D:4      | 2430 ||| FLEEEEING.
  2431 | D:4      | 2431 ||| FLEEEEING.
  2902 | D:4      | Noticed Grinder
  2918 | D:4      | Killed Grinder
  2918 | D:4      | Reached * piety under Okawaru
  2919 | D:4      | Reached skill level 8 in Dodging
  2919 | D:4      | Reached XP level 8. HP: 21/39 MP: 9/9
  3079 | D:4      | 3079 ||| READING scroll labelled QULOES LE JOWEUD.
  3139 | D:5      | Entered Level 5 of the Dungeon
  3140 | D:5      | 3140 ||| PLANNING SEWER
  3238 | D:5      | Found a glowing drain.
  3239 | D:5      | 3239 ||| READING scroll labelled BOIGOI AJUUH.
  3255 | Sewer    | Entered a sewer
  3310 | Sewer    | Reached skill level 1 in Invocations
  3485 | Sewer    | Reached skill level 3 in Fighting
  3938 | Sewer    | 3938 ||| READING scroll labelled ZIETETI DODI.
  3939 | Sewer    | 3939 ||| DRINKING 2 murky clear potions.
  3940 | Sewer    | 3940 ||| DRINKING 3 fuming white potions.
  3946 | D:5      | 3946 ||| PLANNING D:1-11
  3995 | D:5      | Reached skill level 3 in Invocations
  4020 | D:5      | 4020 ||| READING scroll of brand weapon.
  4020 | D:5      | 4020 ||| BRANDING +1 shortbow of flaming.
  4035 | D:5      | 4035 ||| RETREEEEATING.
  4037 | D:5      | 4037 ||| RETREEEEATING.
  4039 | D:5      | 4039 ||| RETREEEEATING.
  4041 | D:5      | 4041 ||| RETREEEEATING.
  4046 | D:5      | 4046 ||| RETREEEEATING.
  4047 | D:5      | 4047 ||| RETREEEEATING.
  4048 | D:5      | 4048 ||| RETREEEEATING.
  4050 | D:5      | 4050 ||| RETREEEEATING.
  4051 | D:5      | 4051 ||| RETREEEEATING.
  4052 | D:5      | 4052 ||| RETREEEEATING.
  4053 | D:5      | 4053 ||| RETREEEEATING.
  4172 | D:5      | Found a white marble altar of Elyvilon.
  4249 | D:5      | Found a basalt altar of Yredelemnul.
  4366 | D:5      | Found a shimmering altar of Xom.
  4369 | D:5      | 4369 ||| DRINKING 2 inky potions.
  4733 | D:6      | Reached skill level 9 in Ranged Weapons
  4882 | D:6      | Found a hide-covered altar of Uskayaw.
  4964 | D:6      | 4964 ||| READING scroll labelled JEC JUOSTRA.
  4964 | D:6      | 4964 ||| ENCHANTING +0 steam dragon scales.
  4965 | D:6      | 4965 ||| READING scroll labelled YREJI SATHITI.
  4966 | D:6      | 4966 ||| DRINKING 2 bubbling orange potions.
  4981 | D:6      | 4981 ||| DROPPING potion of lignification.
  5129 | D:7      | Reached ** piety under Okawaru
  5130 | D:7      | Reached skill level 9 in Dodging
  5130 | D:7      | Reached XP level 9. HP: 37/44 MP: 13/13
  5227 | D:7      | Reached skill level 10 in Dodging
  5234 | D:7      | 5234 ||| RETREEEEATING.
  5236 | D:7      | 5236 ||| RETREEEEATING.
  5237 | D:7      | 5237 ||| RETREEEEATING.
  5252 | D:7      | 5252 ||| RETREEEEATING.
  5253 | D:7      | HP: 10/44 [wight/+0 halberd (7)]
  5254 | D:7      | 5254 ||| READING 2 scrolls of teleportation.
  5255 | D:7      | HP: 1/44 [wight/+3 trident (9)]
  5263 | D:7      | 5263 ||| READING scroll of teleportation.
  5263 | D:7      | HP: 1/44 [killer bee (2)]
  5271 | D:7      | HP: 2/44 [kobold/+0 dagger (1)]
  5276 | D:7      | Mangled by an orc

Levels and vault maps discovered:
D:1:      saegor_arrival_simple_e, layout_loops_ring, chequers_big_river,
          chequers_decorated_corner, nicolae_the_louvre
D:2:      layout_basic, nicolae_ecumenical_snake_handling
D:3:      layout_rooms, nicolae_sif_muna_condensation
D:4:      layout_basic, minmay_temple_entry_hall, uniq_pikel, uniq_ijyb,
          uniq_grinder
D:5:      layout_rooms, mainiacjoe_overflow_alcove_4, kennysheep_ying_yang,
          cheibrodos_sewer_entry_bend
D:6:      layout_cave_pools, mainiacjoe_overflow_small_starburst
D:7:      layout_rooms
Temple:   hellmonk_temple_divided_pantheon

Skill      XL: |  1  2  3  4  5  6  7  8  9 |
---------------+----------------------------+-----
Dodging        | 3 4 5 8 9 10 | 10.0
Ranged Weapons | 5 8 9 |  9.6
Fighting       | 2 3 |  3.0
Invocations    | 4 |  4.1
Stealth        | |  1.5

Action                     |  1- 3 |  4- 6 |  7- 9 || total
---------------------------+-------+-------+-------++-------
   Fire: Shortbow          |    88 |   127 |   419 ||   634
    Use: Scroll            |     3 |     4 |    10 ||    17
         Potion            |       |     1 |     4 ||     5
 Armour: Robe              |     7 |       |       ||     7
         Steam dragon scal |     3 |    14 |    65 ||    82
  Dodge: Dodged            |    37 |    77 |   206 ||   320

Table legend:
 A = Non-vault XP
 B = Vault XP
 C = Vault XP percentage of total XP
 D = Non-vault monster count
 E = Vault monster count
 F = Vault count percentage of total count
                 A         B        C        D         E       F
            +---------+---------+-------+---------+---------+-------
      Total |    2156 |    1467 |  40.5 |     118 |      37 |  23.9
            +---------+---------+-------+---------+---------+-------
        D:1 |      69 |       0 |   0.0 |      27 |       0 |   0.0
        D:2 |     124 |       5 |   3.9 |      12 |       4 |  25.0
        D:3 |     103 |       0 |   0.0 |      19 |       0 |   0.0
        D:4 |     209 |     953 |  82.0 |      17 |       3 |  15.0
        D:5 |     288 |       9 |   3.0 |      12 |       2 |  14.3
        D:6 |     381 |       0 |   0.0 |       9 |       0 |   0.0
        D:7 |     982 |       0 |   0.0 |      22 |       0 |   0.0
      Sewer |       0 |     500 | 100.0 |       0 |      28 | 100.0
            +---------+---------+-------+---------+---------+-------
